 Dungeon Crawl Stone Soup version 0.31-a0-818-ge7c7cf74f0 (webtiles) character file.

Game seed: 7816014285991802507

345 Kurtz the Chopper (level 6, -7/42 HPs)
             Began as an Octopode Fighter on Sept 23, 2023.
             Killed by divine providence
             ... invoked by an orc priest
              (10 damage)
             ... on level 3 of the Dungeon.
             The game lasted 00:03:39 (3073 turns).

Kurtz the Chopper (Octopode Fighter)                Turns: 3073, Time: 00:03:39

Health: -7/42      AC:  1    Str: 15    XL:     6   Next: 58%
Magic:  6/6        EV: 13    Int: 10    God:
Gold:   195        SH:  5    Dex: 14    Spells: 5/5 levels left

rFire   . . .        a - +0 war axe
rCold   . . .        b - +0 buckler
rNeg    . . .        (helmet restricted)
rPois   .            (no amulet)
rElec   .            (no ring)
rCorr   .            (no ring)
SInv    .            (no ring)
Will    .....        (no ring)
Stlth   ++           (no ring)
HPRegen 0.27/turn    (no ring)
MPRegen 0.10/turn    (no ring)
                     (no ring)

%: no passive effects
@: no status effects
A: almost no armour, amphibious, 8 rings, camouflage 1, gelatinous body 1,
(nimble swimmer 1), tentacles
a: no special abilities


You were on level 3 of the Dungeon.
You visited 1 branch of the dungeon, and saw 4 of its levels.

You collected 195 gold pieces.

Inventory:

Hand Weapons
 a - a +0 war axe (weapon)
Missiles
 l - 3 throwing nets
 m - 8 poisoned darts (quivered)
Armour
 b - a +0 buckler (worn)
Jewellery
 n - a ring of resist corrosion
Scrolls
 e - a scroll of poison {unknown}
 f - 6 scrolls of teleportation {unknown}
 k - 4 scrolls of identify {unknown}
 o - 2 scrolls of enchant weapon {unknown}
 p - a scroll of fear {unknown}
 r - a scroll of immolation {unknown}
 s - a scroll of amnesia {unknown}
 t - a scroll of fog {unknown}
Potions
 c - a potion of might
 d - a potion of resistance
 i - a potion of brilliance {unknown}
 j - a potion of curing {unknown}
 q - a potion of invisibility {unknown}


   Skills:
 - Level 3.0 Fighting
 * Level 6.1 Axes
 * Level 3.6 Dodging
 * Level 3.6 Shields


You had 5 spell levels left.
You didn't know any spells.
Your spell library contained the following spells:

 Spells                   Type           Power      Damage    Failure   Level
 Ensorcelled Hibernation  Hex/Ice        0%         N/A       58%         2
 Jinxbite                 Hex            0%         N/A       58%         2
 Tukima's Dance           Hex            0%         N/A       83%         3
 Anguish                  Hex/Necr       0%         N/A       99%         4
 Passage of Golubria      Tloc           0%         N/A       99%         4
 Yara's Violent Unravell  Hex/Tmut       0%         3d3       100%        5


Dungeon Overview and Level Annotations

Branches:
Dungeon (4/15)
 Temple: D:4-7

Altars:
Qazlal
The Shining One

Shops:
D:1 (

Annotations:
D:2 exclusion: downstairs
D:3 2 transporters, exclusion: downstairs


Innate Abilities, Weirdness & Mutations

You cannot wear most types of armour.
You are amphibious.
You can wear up to eight rings at the same time.
Your skin changes colour to match your surroundings (Stealth+).
Your rubbery body absorbs attacks. (AC +1, EV +1)
((You are camouflaged when in or above water. (Stealth+)))
You have tentacles for arms and can constrict up to eight enemies at once.


Message History

You hit the orc priest.
The orc priest is moderately wounded.
You barely miss the orc priest. You constrict the orc priest.
The orc priest misses you. x2; The orc priest barely misses you.
Unknown command.
You completely miss the orc priest.
The orc priest is severely wounded.
You barely miss the orc priest. You constrict the orc priest.
The orc priest hits you with a +0 hand axe.
* * * LOW HITPOINT WARNING * * *
The orc priest calls upon Beogh to heal the orc priest.
The orc priest is healed somewhat.
The orc priest hits you with a +0 hand axe.
* * * LOW HITPOINT WARNING * * *
It was a potion of resistance.
You feel protected.
You constrict the orc priest.
The orc priest calls down the wrath of Beogh upon you.
Pain shoots through your body!
* * * LOW HITPOINT WARNING * * *
The orc priest barely misses you.
It was a potion of enlightenment.
You feel very buoyant.
You fly up into the air.
You constrict the orc priest.
The orc priest calls upon Beogh to heal the orc priest.
The orc priest is healed somewhat.
The orc priest calls down the wrath of Beogh upon you.
You resist with some effort.
It was a potion of cancellation.
Your magical effects are unravelling.
You feel magically purged.
You float gracefully downwards.
Your resistance to elements expires.
Your enlightenment fades.
You constrict the orc priest!
You kill the orc priest!
The orc priest misses you.
You slash the orc priest! Your grab misses the orc priest.
The orc priest is heavily wounded.
The orc priest mumbles some strange prayers to Beogh against you.
Beogh smites you!
You die...

).........###.........##...######
..######### ##.......#####.# ..#
#.........# ### ..# #.<.......#
### #.........# #.........#
#.........# ##.).o...## ##.@...##
#######


You could see an orc priest.

Vanquished Creatures
  A scorpion (D:3)
  An orc priest (D:3)
  An iguana (D:4)
  11 gnolls
  4 adders
  A worm (D:2)
  7 orcs
  6 bats
  7 endoplasms
  A giant cockroach (D:3)
  5 goblins
  8 hobgoblins
  9 jackals
  A quokka (D:3)
  6 ball pythons
  5 frilled lizards
  4 kobolds
  7 rats
85 creatures vanquished.

Notes
Turn   | Place    | Note
-------+----------+-------------------------------------------
     0 | D:1      | Kurtz the Octopode Fighter began the quest for the Orb.
     0 | D:1      | Reached XP level 1. HP: 16/16 MP: 1/1
   134 | D:1      | Reached XP level 2. HP: 17/21 MP: 2/2
   327 | D:1      | Found Hyiwny's Antique Weapon Shoppe.
   401 | D:1      | Reached skill level 3 in Axes
   863 | D:2      | Reached XP level 3. HP: 26/26 MP: 3/3
  1451 | D:2      | Reached XP level 4. HP: 31/31 MP: 4/4
  1778 | D:3      | Reached skill level 4 in Axes
  1787 | D:3      | Found a transporter.
  1815 | D:3      | Found a transporter.
  1912 | D:3      | Reached XP level 5. HP: 7/36 MP: 5/5
  2334 | D:3      | Found a glowing golden altar of the Shining One.
  2380 | D:3      | Found a stormy altar of Qazlal.
  2381 | D:3      | Noticed an air elemental
  2391 | D:3      | Noticed a fire elemental
  2391 | D:3      | Noticed a water elemental
  2431 | D:3      | Reached skill level 5 in Axes
  2703 | D:3      | Reached XP level 6. HP: 32/42 MP: 6/6
  2993 | D:4      | Reached skill level 6 in Axes
  3070 | D:3      | HP: 2/42 [orc priest/nerve-wracking pain (5)]
  3073 | D:3      | Killed from afar by an orc priest

Illustrated notes

Levels and vault maps discovered:
D:1:      roderic_dead_forest, layout_loops_ring, serial_shops,
          nicolae_shop_tiny_real_fake_doors
D:2:      layout_basic
D:3:      gammafunk_steamed_eel, layout_rooms, tso_oasis_becter,
          nicolae_qazlal_style_of_elements
D:4:      layout_rooms, minmay_temple_entry_butterflies

Skill      XL: |  1  2  3  4  5  6 |
---------------+-------------------+-----
Axes           | 3 4 5 6 |  6.1
Fighting       | |  3.0
Dodging        | |  3.6
Shields        | |  3.6

Action                     |  1- 3 |  4- 6 || total
---------------------------+-------+-------++-------
  Melee: War axe           |    64 |    89 ||   153
         Constrict         |    17 |    23 ||    40
         Tentacles         |    14 |    19 ||    33
         Punch             |     2 |       ||     2
    Use: Potion            |       |     3 ||     3
   Stab: Sleeping          |     5 |     3 ||     8
 Armour: Skin              |    17 |    37 ||    54
  Dodge: Dodged            |    40 |    77 ||   117
  Block: Buckler           |    12 |    18 ||    30

Table legend: (Time is in decaauts)
 A = Elapsed time spent in this place.
 B = Non-inter-level travel time spent in this place.
 C = Inter-level travel time spent in this place.
 D = Time resting spent in this place.
 E = Time spent auto-exploring this place.
 F = Levels seen in this place.
 G = Mean time per level.
                   A        B        C        D        E       F      G
               +--------+--------+--------+--------+--------+-----+--------+
         Total |   3140 |   2739 |    401 |    426 |   1650 |   4 |  785.0 |
       Dungeon |   3140 |   2739 |    401 |    426 |   1650 |   4 |  785.0 |
               +--------+--------+--------+--------+--------+-----+--------+

Top non-repeatable levels by time:
     D:2: 1163 daAuts
     D:3: 967 daAuts
     D:1: 706 daAuts
     D:4: 303 daAuts
